 Dungeon Crawl Stone Soup version 0.17-a0-226-ge260c71 (webtiles) character file.

654 Guerrain the Skirmisher (level 7, -4/61 HPs)
             Began as a Hill Orc Berserker on Mar 28, 2015.
             Was a High Priest of Trog.
             Slain by a water moccasin (5 damage)
             ... on level 5 of the Dungeon.
             The game lasted 00:31:17 (3945 turns).

Guerrain the Skirmisher (Hill Orc Berserker)        Turns: 3945, Time: 00:31:17

Health: -4/61      AC:  9    Str: 21    XL:     7   Next: 54%
Magic:  7/7        EV:  6    Int:  7    God:    Trog [*****.]
Gold:   130        SH:  7    Dex: 11    Spells: 0 memorised, 6 levels left

rFire  . . .     SeeInvis .     g - +2 short sword (venom)
rCold  . . .     Clarity  .     y - +0 chain mail
rNeg   . . .     SustAb   .     M - +0 shield
rPois  .         Gourm    .     (no helmet)
rElec  .         Spirit   .     (no cloak)
rCorr  .         Warding  .     (no gloves)
rMut   .         Stasis   .     (no boots)
MR     .....                    (no amulet)
Stlth  ..........               (no ring)
                                (no ring)

@: lethally poisoned (-4 -> -22), not resistant to hostile enchantments,
extremely unstealthy
A: no striking features
a: Burn Spellbooks, Berserk, Trog's Hand, Brothers in Arms, Renounce Religion


You were on level 5 of the Dungeon.
You worshipped Trog.
Trog was extremely pleased with you.
You were not hungry.

You visited 1 branch of the dungeon, and saw 5 of its levels.

You collected 130 gold pieces.

Inventory:

Hand weapons
 a - a +0 quarterstaff
 b - a +0 short sword
 c - a +0 club
 e - a +1 mace
 f - a +0 club
 g - a +2 short sword of venom (weapon)
 h - a +0 club
 k - a +0 club
 m - a +0 short sword
 n - a +0 club
 o - a cursed +0 short sword
 p - a +0 short sword
 q - a +0 short sword of draining
 s - a +0 blowgun
 u - a +0 war axe
 v - a +0 mace
 z - a +0 trident
 A - a +0 dagger
 B - a +0 dagger
 C - a +0 short sword
 D - a +0 mace
 H - a +0 whip
 J - a +0 dagger
 N - a +0 hand axe
 P - a +0 long sword
Missiles
 d - 7 arrows
 i - 21 bolts of frost
 j - 11 stones (quivered)
 r - 7 needles of confusion
 t - 8 poisoned needles
Armour
 y - a +0 chain mail (worn)
 E - a +0 leather armour
 F - a +0 ring mail
 G - a +0 robe
 I - a +0 leather armour
 K - a +0 ring mail
 M - a +0 shield (worn)
 O - a +0 leather armour
Scrolls
 l - 2 scrolls of remove curse
 w - 3 scrolls of fog
 L - a scroll of noise
 R - a scroll of immolation {unknown}
Comestibles
 Q - a royal jelly
 S - a bread ration


   Skills:
 + Level 5.6 Fighting
 + Level 3.4(4.2) Short Blades
 + Level 4.1(4.8) Long Blades
 + Level 5.0 Armour
 + Level 3.3 Dodging
 + Level 0.1 Stealth
 + Level 0.2 Shields


You had 6 spell levels left.
You didn't know any spells.

Dungeon Overview and Level Annotations

Branches:
Dungeon (5/15)
 Temple: D:4-7

Altars:


Message History

Unknown command.
You closely miss the water moccasin.
The water moccasin is almost dead.
* * * LOW HITPOINT WARNING * * *
You feel sick.
The water moccasin bites you but does no damage.
Unknown command.
Your shield and chain mail prevent you from hitting the water moccasin.
The water moccasin is almost dead.
* * * LOW HITPOINT WARNING * * *
You feel sick. The water moccasin bites you.
* * * LOW HITPOINT WARNING * * *
You are more poisoned.
The water moccasin poisons you!
The water moccasin bites you but does no damage.
You closely miss the water moccasin.
The water moccasin is almost dead.
* * * LOW HITPOINT WARNING * * *
You feel sick. The water moccasin bites you.
You die...

## #......##.#..##. ..
########.#.....#..#.##. #.
....>.#.#.......###...
#..##.##.#.##...#.#<#.#.#
#..........##.#.#.##.##.#
#.........##.#.###..(###.##.#
#####.#####.#......## # ##.#
#.#####...###### #.#
#......@### #.. #######S#####
### #....!.{....#
[..####..###.# #..# #... #...
#...# .....


You could see a water moccasin.

Vanquished Creatures
  A necrophage (D:5)
  A giant frog (D:3)
  A centaur skeleton (D:3)
  2 hounds (D:4)
  A jelly (D:5)
  3 orc priests (D:4)
  An orc wizard (D:4)
  3 worker ants
  A gnoll (D:1)
  7 adders
  A giant mite (D:1)
  4 worms
  2 adder skeletons (D:3)
  4 giant geckos
  8 orcs
  6 bats
  A bat skeleton (D:5)
  A bat zombie (D:3)
  A giant cockroach (D:3)
  13 goblins
  10 hobgoblins
  3 jackals (D:4)
  2 quokkas
  3 ball pythons
  A giant cockroach zombie (D:3)
  A giant gecko zombie (D:3)
  2 giant newts
  8 kobolds
  2 quokka skeletons (D:3)
  40 rats
  4 plants (D:3)
138 creatures vanquished.

Vanquished Creatures (others)
  4 toadstools (D:1)
4 creatures vanquished.

Grand Total: 142 creatures vanquished

Notes
Turn   | Place    | Note
--------------------------------------------------------------
     0 | D:1      | Guerrain, the Hill Orc Berserker, began the quest for the Orb.
     0 | D:1      | Reached XP level 1. HP: 19/19 MP: 1/1
   216 | D:1      | Reached XP level 2. HP: 27/27 MP: 2/2
   230 | D:1      | Reached skill level 4 in Fighting
   579 | D:1      | Acquired Trog's second power
   579 | D:1      | Reached XP level 3. HP: 33/33 MP: 3/3
   945 | D:2      | Reached XP level 4. HP: 34/41 MP: 4/4
  1393 | D:2      | Reached XP level 5. HP: 44/47 MP: 5/5
  1486 | D:3      | Reached skill level 1 in Short Blades
  1942 | D:3      | Reached XP level 6. HP: 55/55 MP: 6/6
  2249 | D:3      | Reached skill level 5 in Fighting
  2368 | D:3      | Acquired Trog's third power
  3221 | D:4      | Reached XP level 7. HP: 30/61 MP: 7/7
  3736 | D:5      | Entered Level 5 of the Dungeon
  3888 | D:5      | Reached skill level 5 in Armour
  3944 | D:5      | HP: 2/61 [water moccasin (3)]
  3945 | D:5      | Slain by a water moccasin

Action                   |  1- 3 |  4- 6 |  7- 9 || total
-------------------------+-------+-------+-------++-------
Melee: Short sword       |    79 |   476 |   148 ||   703
       Falchion          |     6 |       |       ||     6
  Use: Scroll            |     6 |     5 |       ||    11
       Potion            |     2 |     1 |     3 ||     6
  Eat: Meat ration       |     1 |     2 |       ||     3
       Pizza             |       |       |     1 ||     1
